 Dungeon Crawl Stone Soup version 0.31.0-11-ge490571c62 (webtiles) character file.

Game seed: 1982242956557302809

107 qw the Skirmisher (level 4, -4/25 HPs)
             Began as a Deep Elf Hunter on Feb 4, 2024.
             Slain by a gnoll
             ... wielding a +0 flail
              (12 damage)
             ... on level 3 of the Dungeon.
             The game lasted 00:00:03 (1168 turns).

qw the Skirmisher (Deep Elf Hunter)                 Turns: 1168, Time: 00:00:03

Health: -4/25      AC:  5    Str: 10    XL:     4   Next: 56%
Magic:  6/6        EV: 11    Int: 14    God:
Gold:   78         SH:  0    Dex: 18    Spells: 3/3 levels left

rFire   . . .        a - +0 shortbow
rCold   . . .        (shield currently unavailable)
rNeg    . . .        d - +0 ring mail
rPois   .            (no helmet)
rElec   .            (no cloak)
rCorr   .            (no gloves)
SInv    .            (no boots)
Will    .....        (no amulet)
Stlth   +            (no ring)
HPRegen 0.24/turn    (no ring)
MPRegen 0.10/turn

%: no passive effects
@: no status effects
A: no striking features
a: no special abilities


You were on level 3 of the Dungeon.
You visited 1 branch of the dungeon, and saw 3 of its levels.

You collected 114 gold pieces.
You spent 36 gold pieces at shops.


   Skills:
 - Level 1.5 Fighting
 + Level 8.0 Ranged Weapons
 - Level 2.4 Dodging
 - Level 1.2 Stealth


You had 3 spell levels left.
You didn't know any spells.
Your spell library was empty.

Inventory:

Hand Weapons
 a - a +0 shortbow (weapon)
Armour
 d - a +0 ring mail (worn)
Scrolls
 b - a scroll of identify
 c - a scroll of fear {unknown}
 g - 3 scrolls of teleportation
Potions
 f - 2 potions of curing
 h - a potion of might

Dungeon Overview and Level Annotations

Branches:
Dungeon (2/15)

Altars:

Shops:
D:1 !


Message History

The hound bites you. The hound bites you but does no damage.
You shoot an arrow. The arrow closely misses the hound.
The arrow barely misses the hound.
The hound bites you.
You shoot an arrow. The arrow closely misses the hound.
The arrow hits the hound but does no damage.
The hound is heavily wounded.
The hound bites you but does no damage. The hound closely misses you.
You shoot an arrow. The arrow misses the hound.
The arrow hits the hound.
The hound is heavily wounded.
The hound bites you but does no damage. x2
You shoot an arrow.
The arrow hits the hound but does no damage.
The hound is heavily wounded.
The hound bites you. x2
You shoot an arrow. The arrow closely misses the hound.
The arrow hits the hound but does no damage.
The hound is heavily wounded.
The hound closely misses you.
You shoot an arrow. The arrow hits the hound!
The hound is almost dead.
The hound bites you but does no damage. x2
You shoot an arrow. The arrow hits the hound!
You kill the hound!
The hound misses you.
You have reached level 4!
You feel clever.
You shoot an arrow. The arrow barely misses the hound.
The arrow barely misses the gnoll.
The hound bites you but does no damage.
You shoot an arrow. The arrow closely misses the hound.
The arrow hits the gnoll.
The gnoll is lightly wounded.
The hound bites you. The hound bites you but does no damage.
You shoot an arrow. The arrow hits the hound!
You kill the hound!
Your Ranged Weapons skill increases to level 8!
You shoot an arrow. The arrow hits the gnoll.
The gnoll is severely wounded.
The gnoll hits you with a +0 flail!
You die...

##### #...+ ...# ..+ #
####'####
#.###..P.P..#
#...>.......#
########.##..####.####
.............g@..(....
.........#.######.####
........%#.#
.........#.#
..##+###.#.# #)#.#
.##.###.#.#
........#.#.#
.##.###.#.#.#


You could see a gnoll.

Vanquished Creatures
  2 hounds (D:3)
  2 adders (D:2)
  4 ball pythons
  2 bats (D:1)
  An endoplasm (D:1)
  A giant cockroach (D:2)
  2 goblins
  4 hobgoblins
  4 jackals (D:2)
  4 kobolds
  6 rats
32 creatures vanquished.

Notes
Turn   | Place    | Note
-------+----------+-------------------------------------------
     0 | D:1      | qw the Deep Elf Hunter began the quest for the Orb.
     0 | D:1      | Reached XP level 1. HP: 12/12 MP: 3/3
     0 | D:1      | 0 ||| qw: Version: 0.3-a-160-g6735b56
     0 | D:1      | 0 ||| qw: Game counter: 4999
     0 | D:1      | 0 ||| qw: Melee chars always use a shield: true
     0 | D:1      | 0 ||| qw: God list: Okawaru
     0 | D:1      | 0 ||| qw: Allow faded altars: false
     0 | D:1      | 0 ||| qw: Do Orc after clearing Dungeon:15 true
     0 | D:1      | 0 ||| qw: Do second Lair branch before Depths: true
     0 | D:1      | 0 ||| qw: Lair rune preference: random
     0 | D:1      | 0 ||| qw: Goals: Normal
     0 | D:1      | 0 ||| PLANNING D:1-11
   153 | D:1      | Found Zamasm's Distillery.
   162 | D:1      | 162 ||| BUYING potion of curing (36 gold).
   162 | D:1      | Bought a potion of curing for 36 gold pieces
   162 | D:1      | 162 ||| SHOPLISTING potion of curing (36 gold, have 17).
   162 | D:1      | 162 ||| SHOPLISTING potion of enlightenment (60 gold, have
                  | 17).
   162 | D:1      | 162 ||| SHOPLISTING potion of mutation (96 gold, have 17).
   276 | D:1      | Reached skill level 6 in Ranged Weapons
   276 | D:1      | Reached XP level 2. HP: 16/16 MP: 4/4
   642 | D:1      | 642 ||| UPGRADING to +0 ring mail.
   652 | D:1      | 652 ||| DROPPING +0 leather armour.
   653 | D:1      | 653 ||| READING 2 scrolls labelled YHOLOCKISEO.
   653 | D:1      | 653 ||| IDENTIFYING bubbling silvery potion
   654 | D:1      | 654 ||| READING scroll of identify.
   654 | D:1      | 654 ||| IDENTIFYING 3 scrolls labelled ERIROW QYSEOD
   655 | D:1      | 655 ||| DROPPING scroll of butterflies.
   845 | D:2      | Reached XP level 3. HP: 20/20 MP: 5/5
   911 | D:2      | Reached skill level 7 in Ranged Weapons
   971 | D:2      | You fall into a shaft and drop 1 floor!
  1150 | D:3      | 1150 ||| RETREEEEATING.
  1152 | D:3      | 1152 ||| RETREEEEATING.
  1153 | D:3      | 1153 ||| RETREEEEATING.
  1156 | D:3      | 1156 ||| RETREEEEATING.
  1165 | D:3      | Reached XP level 4. HP: 8/25 MP: 6/6
  1168 | D:3      | Reached skill level 8 in Ranged Weapons
  1168 | D:3      | Slain by a gnoll

Levels and vault maps discovered:
D:1:      shiori_arrival_maze, layout_loops_ring, serial_shops, shop,
          nicolae_concentric_dashed_squares_wild
D:2:      minmay_kobold_bridge, layout_basic, nicolae_houndstooth_variations,
          uniq_terence
D:3:      layout_basic, cheibrodos_gnoll_hut, uniq_robin

Skill      XL: |  1  2  3  4 |
---------------+-------------+-----
Ranged Weapons | 6 7 8 |  8.0
Fighting       | |  1.5
Dodging        | |  2.4
Stealth        | |  1.2

Action                     |  1- 3 |  4- 6 || total
---------------------------+-------+-------++-------
   Fire: Shortbow          |    74 |     4 ||    78
    Use: Scroll            |     2 |       ||     2
 Armour: Ring mail         |    35 |     4 ||    39
         Leather armour    |     1 |       ||     1
  Dodge: Dodged            |    22 |       ||    22

Table legend:
 A = Non-vault XP
 B = Vault XP
 C = Vault XP percentage of total XP
 D = Non-vault monster count
 E = Vault monster count
 F = Vault count percentage of total count
                 A         B        C        D         E       F
            +---------+---------+-------+---------+---------+-------
      Total |      67 |      86 |  56.2 |      28 |       4 |  12.5
            +---------+---------+-------+---------+---------+-------
        D:1 |      13 |       4 |  23.5 |       8 |       2 |  20.0
        D:2 |      46 |       0 |   0.0 |      14 |       0 |   0.0
        D:3 |       8 |      82 |  91.1 |       6 |       2 |  25.0
            +---------+---------+-------+---------+---------+-------
